Kings vs RedWings

Created - Friday, October 31, 2014 at 22:19

Goals
1 2 3 T
Kings 0 1 1 2
RedWings 1 0 2 3
Shots
1 2 3 T
Kings 2 6 20 28
RedWings 11 6 12 29

1st period

1. RedWings , Alexei Emelin 2 (Jason Demers) at 5:13 (PP)

Penalties :
Justin Abdelkader (Det) for Interference (Minor) at 0:37, Adam McQuaid (LA ) for Tripping (Minor) at 4:08, Brandon Prust (Det) for Hooking (Minor) at 8:18, Keith Yandle (LA ) for Interference (Minor) at 12:39, Zac Rinaldo (Det) for Unsportsmanlike conduct (Major / Game Misconduct) at 18:47

2nd period

2. Kings , Duncan Keith 2 (Carl Soderberg, Ryan Johansen) at 1:02 (PP)

Penalties :
Keith Yandle (LA ) for Roughing (Minor) at 5:30, Vladislav Namestnikov (LA ) for Tripping (Minor) at 8:19, Keith Yandle (LA ) for Hooking (Minor) at 14:09

3rd period

3. RedWings , Milan Michalek 3 (Alexei Emelin, Justin Abdelkader) at 5:15 (PP)
4. Kings , Milan Lucic 2 (Ladislav Smid, Jonas Gustavsson) at 19:38 (SH)
5. RedWings , Johnny Boychuk 2 (Tomas Hertl) at 19:46 (PP)

Penalties :
Adam McQuaid (LA ) for Tripping (Minor) at 3:06, Ladislav Smid (LA ) for Interference (Minor) at 4:58, Bryan Bickell (Det) for Hooking (Minor) at 7:41, Eric Gryba (Det) for Holding Stick (Minor) at 13:37, Tomas Kopecky (LA ) for Holding (Minor) at 17:59

Goalie Stats

Jonas Gustavsson (LA ), 26 saves from 29 shots - (0.897), L, 0-1-0, 60:00 minutes
Jonas Hiller (Det), 26 saves from 28 shots - (0.929), W, 4-4-0, 60:00 minutes

Players Stats for Kings

Player Name              G  A  P  +/- PIM S  H  SB GA TA FO     MP     PP MP  PK MP  
------------------------------------------------------------------------------------
Adam McQuaid             0  0  0   0  4   0  3  1  0  1  0/0    13:11   0:00   3:26 
Brandon McMillan         0  0  0   0  0   0  0  0  0  0  0/0     0:00   0:00   0:00 
Brenden Morrow           0  0  0   0  0   2  0  0  1  1  0/0    12:57   0:00   0:26 
Cam Fowler               0  0  0   0  0   0  0  6  0  1  0/0    27:14   7:20   6:47 
Carl Soderberg           0  1  1   0  0   4  0  1  5  0  1/1    17:28   5:44   0:47 
Duncan Keith             1  0  1   1  0   6  1  1  0  1  0/0    23:58   5:35   6:10 
John Erskine             0  0  0   0  0   0  1  1  0  1  0/0     9:16   0:00   0:00 
Keith Yandle             0  0  0   0  6   2  1  4  0  3  0/0    24:29   7:20   3:31 
Ladislav Smid            0  1  1   1  2   1  5  1  1  2  0/0    23:09   5:35   6:09 
Matt Cullen              0  0  0   0  0   0  0  0  4  1  0/0    12:31   0:00   0:00 
Mika Zibanejad           0  0  0   0  0   4  1  0  0  1  0/1    23:54   7:11   9:34 
Mikhail Grigorenko       0  0  0   0  0   0  0  0  0  0  0/0     0:00   0:00   0:00 
Milan Lucic              1  0  1   1  0   1  1  0  2  0  0/0    18:28   7:11   2:40 
Ryan Johansen            0  1  1   1  0   5  3  0  1  1  4/6    22:20   5:44   4:27 
Ryan Malone              0  0  0   0  0   0  0  0  0  0  0/0     3:20   0:00   0:00 
Tomas Kopecky            0  0  0   0  2   0  0  0  0  0  5/8    10:21   0:00   0:00 
Tyler Seguin             0  0  0   0  0   2  0  2  1  0  12/28  25:20   7:11   7:43 
Vladislav Namestnikov    0  0  0   0  2   1  4  1  2  2  4/16   18:52   5:44   0:00 

Players Stats for RedWings

Player Name              G  A  P  +/- PIM S  H  SB GA TA FO     MP     PP MP  PK MP  
------------------------------------------------------------------------------------
Alexei Emelin            1  1  2  -1  0   4  3  3  0  1  0/0    22:56   5:53   6:11 
Brandon Prust            0  0  0  -1  2   0  5  0  4  0  1/2    18:04   5:37   0:48 
Brian Campbell           0  0  0   0  0   3  0  3  1  3  0/0    28:41   7:04   6:44 
Bryan Bickell            0  0  0   0  2   3  1  0  0  0  0/0    13:49   0:47   0:00 
Chris VandeVelde         0  0  0   0  0   0  0  0  0  2  3/5    10:36   0:00   0:00 
David Moss               0  0  0   0  0   1  1  0  3  0  5/7    17:51   6:57   3:21 
Eric Gryba               0  0  0   0  2   3  0  0  0  2  0/0     9:06   0:00   0:00 
Jason Demers             0  1  1  -1  0   3  3  1  1  2  0/0    22:56   5:53   6:11 
Jesse Joensuu            0  0  0   0  0   2  0  0  1  0  0/0     7:43   0:00   0:03 
Johnny Boychuk           1  0  1   0  0   2  3  1  0  1  0/0    24:20   7:04   6:44 
Justin Abdelkader        0  1  1   0  2   1  2  0  5  0  7/15   22:03   6:57   8:16 
Milan Michalek           1  0  1   0  0   2  0  2  3  1  9/17   25:44   6:33   8:46 
Nick Leddy               0  0  0   0  0   1  0  0  0  0  0/0     8:23   0:00   0:00 
Paul Postma              0  0  0   0  0   0  1  0  0  0  0/0     4:21   0:00   0:00 
Stephane Veilleux        0  0  0   0  0   2  0  0  0  0  0/0    12:17   0:00   0:00 
Tomas Hertl              0  1  1  -1  0   1  1  0  4  0  9/14   15:38   6:00   0:00 
Travis Moen              0  0  0  -1  0   1  2  1  0  0  0/0    19:25   6:00   3:21 
Zac Rinaldo              0  0  0   0  15  0  0  0  1  0  0/0     3:07   0:00   1:15 

3 Stars

1 - Alexei Emelin (Det)
2 - Duncan Keith (LA )
3 - Johnny Boychuk (Det)

Power Play

Kings - 1 on 5 Attempt(s) - 20.00%
RedWings - 3 on 8 Attempt(s) - 37.50%

Penalty Kill

Kings - 5 on 8 Attempt(s) - 62.50% - Score 1 goal in Penalty Kill
RedWings - 4 on 5 Attempt(s) - 80.00% - Score 0 goal in Penalty Kill

Official

Referees : Unknown
Linesman : Unknown

Game Notes

Zac Rinaldo ejected from game at 18:47 of 1st period
19:13 of 2nd period - RedWings goal is going for a video replay. After video review, No Goal. The puck has entered the net after making contact with an attacking player’s stick that is above the height of the crossbar.

Finance

Level 1 -- Attendance: 4757 (79.28%) -- Ticket Income $428,130
Level 2 -- Attendance: 3873 (77.46%) -- Ticket Income $224,634
Level 3 -- Attendance: 2000 (100.00%) -- Ticket Income $60,000
Level 4 -- Attendance: 3691 (92.28%) -- Ticket Income $70,129
Luxury Box -- Attendance: 993 (99.30%) -- Ticket Income $178,740
Game was played at the Joe Louis Arena
Total Attendance: 15314 (85.08%)
Total Ticket Income: $961,633
Other Income: $471,200
Total Income: $1,432,833

Kings

5 vs 5 Forward 
   Center                   Left Wing                Right Wing               Time % Phy DF OF 
 1 Tyler Seguin             Milan Lucic              Mika Zibanejad           35     1   2  2  
 2 Tomas Kopecky            Carl Soderberg           Ryan Johansen            30     1   2  2  
 3 Ryan Johansen            Ryan Malone              Tyler Seguin             22     1   2  2  
 4 Vladislav Namestnikov    Matt Cullen              Brenden Morrow           13     1   2  2  

5 vs 5 Defense 
   Defense                  Defense                                           Time % Phy DF OF 
 1 Cam Fowler               Keith Yandle                                      35     1   2  2  
 2 Ladislav Smid            Duncan Keith                                      30     1   2  2  
 3 John Erskine             Adam McQuaid                                      22     1   2  2  
 4 Duncan Keith             Cam Fowler                                        13     1   2  2  

PowerPlay Forward 
   Center                   Left Wing                Right Wing               Time % Phy DF OF 
 1 Tyler Seguin             Milan Lucic              Mika Zibanejad           60     1   2  2  
 2 Vladislav Namestnikov    Carl Soderberg           Ryan Johansen            40     1   2  2  

PowerPlay Defense
   Defense                  Defense                                           Time % Phy DF OF 
 1 Cam Fowler               Keith Yandle                                      60     1   2  2  
 2 Ladislav Smid            Duncan Keith                                      40     1   2  2  

Penalty Kill 4 Players Forward 
   Center                   Wing                     Time % Phy DF OF 
 1 Tyler Seguin             Mika Zibanejad           60     1   2  2  
 2 Ryan Johansen            Milan Lucic              40     1   2  2  

Penalty Kill 4 Players Defense
   Defense                  Defense                  Time % Phy DF OF 
 1 Cam Fowler               Keith Yandle             60     1   2  2  
 2 Ladislav Smid            Duncan Keith             40     1   2  2  

Penalty Kill - 3 Players Forward 
   Forward                                           Time % Phy DF OF 
 1 Tyler Seguin                                      60     1   2  2  
 2 Milan Lucic                                       40     1   2  2  

Penalty Kill - 3 Players Defense
   Defense                  Defense                  Time % Phy DF OF 
 1 Cam Fowler               Keith Yandle             60     1   2  2  
 2 Ladislav Smid            Duncan Keith             40     1   2  2  

4 vs 4 Forward 
   Center                   Wing                     Time % Phy DF OF 
 1 Tyler Seguin             Mika Zibanejad           60     1   2  2  
 2 Ryan Johansen            Milan Lucic              40     1   2  2  

4 vs 4 Defense
   Defense                  Defense                  Time % Phy DF OF 
 1 Cam Fowler               Keith Yandle             60     1   2  2  
 2 Ladislav Smid            Duncan Keith             40     1   2  2  

Last Minutes Offensive
   Center                   Left Wing                Right Wing               Defense                  Defense                  
   Tyler Seguin             Milan Lucic              Mika Zibanejad           Cam Fowler               Keith Yandle             

Last Minutes Defensive
   Center                   Left Wing                Right Wing               Defense                  Defense                  
   Tyler Seguin             Milan Lucic              Mika Zibanejad           Cam Fowler               Keith Yandle             

Goaltenders
Starting : Jonas Gustavsson         
Backup : Tuukka Rask              

Extra Forwards
Normal : Milan Lucic, Vladislav Namestnikov, Tyler Seguin - PP : Tyler Seguin, Vladislav Namestnikov - PK : Tyler Seguin
Extra Defensemen
Normal : Ladislav Smid, Cam Fowler, Keith Yandle - PP : Cam Fowler - PK : Keith Yandle, Cam Fowler
Penalty Shots
Tyler Seguin, Vladislav Namestnikov, Ryan Johansen, Milan Lucic, Mika Zibanejad

RedWings

5 vs 5 Forward 
   Center                   Left Wing                Right Wing               Time % Phy DF OF 
 1 Justin Abdelkader        Milan Michalek           David Moss               35     1   2  2  
 2 Tomas Hertl              Travis Moen              Brandon Prust            30     1   2  2  
 3 Chris VandeVelde         Bryan Bickell            Stephane Veilleux        22     1   2  2  
 4 Milan Michalek           Zac Rinaldo              Jesse Joensuu            13     1   2  2  

5 vs 5 Defense 
   Defense                  Defense                                           Time % Phy DF OF 
 1 Brian Campbell           Johnny Boychuk                                    30     1   2  2  
 2 Alexei Emelin            Jason Demers                                      30     1   2  2  
 3 Eric Gryba               Nick Leddy                                        22     1   2  2  
 4 Paul Postma              Brian Campbell                                    18     1   2  2  

PowerPlay Forward 
   Center                   Left Wing                Right Wing               Time % Phy DF OF 
 1 Justin Abdelkader        Milan Michalek           David Moss               60     1   2  2  
 2 Tomas Hertl              Travis Moen              Brandon Prust            40     1   2  2  

PowerPlay Defense
   Defense                  Defense                                           Time % Phy DF OF 
 1 Brian Campbell           Johnny Boychuk                                    60     1   2  2  
 2 Alexei Emelin            Jason Demers                                      40     1   2  2  

Penalty Kill 4 Players Forward 
   Center                   Wing                     Time % Phy DF OF 
 1 Milan Michalek           Justin Abdelkader        60     1   2  2  
 2 David Moss               Travis Moen              40     1   2  2  

Penalty Kill 4 Players Defense
   Defense                  Defense                  Time % Phy DF OF 
 1 Brian Campbell           Johnny Boychuk           60     1   2  2  
 2 Alexei Emelin            Jason Demers             40     1   2  2  

Penalty Kill - 3 Players Forward 
   Forward                                           Time % Phy DF OF 
 1 Milan Michalek                                    60     1   2  2  
 2 Justin Abdelkader                                 40     1   2  2  

Penalty Kill - 3 Players Defense
   Defense                  Defense                  Time % Phy DF OF 
 1 Brian Campbell           Johnny Boychuk           60     1   2  2  
 2 Alexei Emelin            Jason Demers             40     1   2  2  

4 vs 4 Forward 
   Center                   Wing                     Time % Phy DF OF 
 1 Milan Michalek           Justin Abdelkader        60     1   2  2  
 2 David Moss               Travis Moen              40     1   2  2  

4 vs 4 Defense
   Defense                  Defense                  Time % Phy DF OF 
 1 Brian Campbell           Johnny Boychuk           60     1   2  2  
 2 Alexei Emelin            Jason Demers             40     1   2  2  

Last Minutes Offensive
   Center                   Left Wing                Right Wing               Defense                  Defense                  
   Justin Abdelkader        Milan Michalek           David Moss               Brian Campbell           Johnny Boychuk           

Last Minutes Defensive
   Center                   Left Wing                Right Wing               Defense                  Defense                  
   Justin Abdelkader        Milan Michalek           David Moss               Brian Campbell           Johnny Boychuk           

Goaltenders
Starting : Jonas Hiller             
Backup : Martin Jones             

Extra Forwards
Normal : Bryan Bickell, Stephane Veilleux, Zac Rinaldo - PP : Bryan Bickell, Stephane Veilleux - PK : Zac Rinaldo
Extra Defensemen
Normal : Eric Gryba, Nick Leddy, Paul Postma - PP : Eric Gryba - PK : Nick Leddy, Paul Postma
Penalty Shots
Milan Michalek, Justin Abdelkader, David Moss, Travis Moen, Tomas Hertl

% Time on Ice - Kings

Lines # - Real PCT - Wanted PCT - Time Play
Normal Forward
1 - 20% - 35% - 6:56
2 - 33% - 30% - 11:08
3 - 10% - 22% - 3:20
4 - 37% - 13% - 12:31
Normal Defense
1 - 37% - 35% - 12:26
2 - 34% - 30% - 11:25
3 - 27% - 22% - 9:16
4 - 2% - 13% - 0:48
PP Forward
1 - 56% - 60% - 7:11
2 - 44% - 40% - 5:44
PP Defense
1 - 57% - 60% - 7:20
2 - 43% - 40% - 5:35
PK Forward
1 - 79% - 60% - 10:10
2 - 21% - 40% - 2:40
PK Defense
1 - 52% - 60% - 6:40
2 - 48% - 40% - 6:10
PK3 Forward
1 - 100% - 60% - 0:07
2 - 0% - 40% - 0:00
PK3 Defense
1 - 100% - 60% - 0:07
2 - 0% - 40% - 0:00
44 Forward
1 - 0% - 60%
2 - 0% - 40%
44 Defense
1 - 0% - 60%
2 - 0% - 40%
Last Minute Offensive  - 0:13
Last Minute Defensive  - 0:00
Total
Forward - 60:00
Defense - 60:00

% Time on Ice - RedWings

Lines # - Real PCT - Wanted PCT - Time Play
Normal Forward
1 - 21% - 35% - 7:09
2 - 30% - 30% - 10:04
3 - 31% - 22% - 10:36
4 - 18% - 13% - 6:06
Normal Defense
1 - 30% - 30% - 10:19
2 - 32% - 30% - 10:52
3 - 25% - 22% - 8:23
4 - 13% - 18% - 4:21
PP Forward
1 - 54% - 60% - 6:57
2 - 46% - 40% - 6:00
PP Defense
1 - 55% - 60% - 7:04
2 - 45% - 40% - 5:53
PK Forward
1 - 74% - 60% - 9:34
2 - 26% - 40% - 3:21
PK Defense
1 - 52% - 60% - 6:44
2 - 48% - 40% - 6:11
PK3 Forward
1 - 0% - 60%
2 - 0% - 40%
PK3 Defense
1 - 0% - 60%
2 - 0% - 40%
44 Forward
1 - 0% - 60%
2 - 0% - 40%
44 Defense
1 - 0% - 60%
2 - 0% - 40%
Last Minute Offensive  - 0:00
Last Minute Defensive  - 0:13
Total
Forward - 60:00
Defense - 60:00

Play by Play

1st period


0:01 of 1st period - Tyler Seguin wins face-off versus Justin Abdelkader in neutral zone.
0:37 of 1st period - Minor Penalty to Justin Abdelkader for Interference.
0:38 of 1st period - Milan Michalek wins face-off versus Vladislav Namestnikov in RedWings zone.
0:46 of 1st period - Brian Campbell is hit by Vladislav Namestnikov and loses puck.
1:15 of 1st period - Slapshot by Carl Soderberg.
1:15 of 1st period - Stopped by Jonas Hiller without a rebound.
1:16 of 1st period - Tyler Seguin wins face-off versus David Moss in RedWings zone.
1:45 of 1st period - David Moss is hit by Ladislav Smid and loses puck.
1:52 of 1st period - Wrist shot by Milan Lucic.
1:52 of 1st period - Deflect By Travis Moen.
1:52 of 1st period - Shot Blocked by Alexei Emelin.
1:52 of 1st period - Puck is out of play.
1:53 of 1st period - David Moss wins face-off versus Ryan Johansen in RedWings zone.
2:06 of 1st period - Brian Campbell is hit by Ryan Johansen and loses puck.
2:37 of 1st period - Penalty to Justin Abdelkader is over, Justin Abdelkader is back on ice.
3:16 of 1st period - Icing by Matt Cullen.
3:17 of 1st period - Chris VandeVelde wins face-off versus Vladislav Namestnikov in Kings zone.
3:36 of 1st period - Wrist shot by Chris VandeVelde.
3:36 of 1st period - Shot Misses the Net.
3:38 of 1st period - Snap shot by Eric Gryba.
3:38 of 1st period - Stopped by Jonas Gustavsson without a rebound.
3:39 of 1st period - Tomas Hertl wins face-off versus Tomas Kopecky in Kings zone.
4:08 of 1st period - Minor Penalty to Adam McQuaid for Tripping.
4:09 of 1st period - Justin Abdelkader wins face-off versus Tyler Seguin in Kings zone.
4:52 of 1st period - Slapshot by Mika Zibanejad.
4:52 of 1st period - Deflect By Tyler Seguin.
4:52 of 1st period - Shot Misses the Net.
4:52 of 1st period - Puck is out of play.
4:53 of 1st period - Tomas Hertl wins face-off versus Tyler Seguin in RedWings zone.
4:57 of 1st period - Icing by Tomas Hertl.
4:58 of 1st period - Tyler Seguin wins face-off versus Tomas Hertl in RedWings zone.
4:59 of 1st period - Slapshot by Duncan Keith.
4:59 of 1st period - Shot Misses the Net.
5:09 of 1st period - Backhand shot by Alexei Emelin.
5:09 of 1st period - Stopped by Jonas Gustavsson with a rebound.
5:11 of 1st period - Slapshot by Jason Demers.
5:11 of 1st period - Shot Misses the Net.
5:13 of 1st period - Slapshot by Alexei Emelin.
5:13 of 1st period - Goal by Alexei Emelin - Kings : 0 - RedWings : 1.
5:14 of 1st period - Tomas Hertl wins face-off versus Tomas Kopecky in neutral zone.
5:17 of 1st period - Snap shot by Jason Demers.
5:17 of 1st period - Stopped by Jonas Gustavsson with a rebound.
5:19 of 1st period - Wrist shot by Travis Moen.
5:19 of 1st period - Stopped by Jonas Gustavsson without a rebound.
5:20 of 1st period - Tomas Kopecky wins face-off versus Tomas Hertl in Kings zone.
5:25 of 1st period - Snap shot by Ryan Johansen.
5:25 of 1st period - Shot Blocked by Jason Demers.
5:37 of 1st period - Wrist shot by Tomas Hertl.
5:37 of 1st period - Stopped by Jonas Gustavsson with a rebound.
5:39 of 1st period - Wrist shot by Travis Moen.
5:39 of 1st period - Shot Blocked by Cam Fowler.
5:41 of 1st period - Wrist shot by Tomas Hertl.
5:41 of 1st period - Shot Misses the Net.
5:43 of 1st period - Snap shot by Alexei Emelin.
5:43 of 1st period - Shot Misses the Net.
6:59 of 1st period - Slapshot by Brian Campbell.
6:59 of 1st period - Deflect By Bryan Bickell.
6:59 of 1st period - Stopped by Jonas Gustavsson with a rebound.
7:20 of 1st period - Bryan Bickell is hit by Adam McQuaid.
8:18 of 1st period - Minor Penalty to Brandon Prust for Hooking.
8:19 of 1st period - Milan Michalek wins face-off versus Tyler Seguin in RedWings zone.
9:00 of 1st period - Snap shot by Ryan Johansen.
9:00 of 1st period - Shot Blocked by Brian Campbell.
9:02 of 1st period - Snap shot by Vladislav Namestnikov.
9:02 of 1st period - Shot Misses the Net.
9:55 of 1st period - Wrist shot by Ryan Johansen.
9:55 of 1st period - Shot Blocked by Milan Michalek.
10:18 of 1st period - Penalty to Brandon Prust is over, Brandon Prust is back on ice.
10:57 of 1st period - Adam McQuaid is hit by Jason Demers and loses puck.
11:04 of 1st period - Wrist shot by Bryan Bickell.
11:04 of 1st period - Shot Blocked by Adam McQuaid.
11:06 of 1st period - Snap shot by Chris VandeVelde.
11:06 of 1st period - Shot Blocked by John Erskine.
11:08 of 1st period - Slapshot by Eric Gryba.
11:08 of 1st period - Deflect By Adam McQuaid.
11:08 of 1st period - Stopped by Jonas Gustavsson with a rebound.
11:10 of 1st period - Slapshot by Eric Gryba.
11:10 of 1st period - Deflect By Bryan Bickell.
11:10 of 1st period - Shot Misses the Net.
11:10 of 1st period - Puck is out of play.
11:11 of 1st period - Tomas Hertl wins face-off versus Vladislav Namestnikov in Kings zone.
12:39 of 1st period - Minor Penalty to Keith Yandle for Interference.
12:40 of 1st period - Tomas Hertl wins face-off versus Tyler Seguin in Kings zone.
12:50 of 1st period - Snap shot by Brian Campbell.
12:50 of 1st period - Stopped by Jonas Gustavsson with a rebound.
12:52 of 1st period - Wrist shot by Travis Moen.
12:52 of 1st period - Shot Blocked by Cam Fowler.
12:54 of 1st period - Wrist shot by Brian Campbell.
12:54 of 1st period - Stopped by Jonas Gustavsson without a rebound.
12:55 of 1st period - Tyler Seguin wins face-off versus Tomas Hertl in Kings zone.
13:50 of 1st period - Cam Fowler is hit by Justin Abdelkader.
13:54 of 1st period - David Moss is hit by Ryan Johansen and loses puck.
14:37 of 1st period - Jason Demers is hit by Adam McQuaid and loses puck.
14:39 of 1st period - Penalty to Keith Yandle is over, Keith Yandle is back on ice.
16:09 of 1st period - Slapshot by Duncan Keith.
16:09 of 1st period - Stopped by Jonas Hiller with a rebound.
16:11 of 1st period - Slapshot by Duncan Keith.
16:11 of 1st period - Shot Blocked by Brian Campbell.
16:34 of 1st period - Stephane Veilleux is hit by Ryan Johansen and loses puck.
17:21 of 1st period - Wrist shot by Milan Michalek.
17:21 of 1st period - Stopped by Jonas Gustavsson without a rebound.
17:22 of 1st period - David Moss wins face-off versus Vladislav Namestnikov in Kings zone.
18:23 of 1st period - Slapshot by Matt Cullen.
18:23 of 1st period - Shot Blocked by Johnny Boychuk.
18:34 of 1st period - Icing by Vladislav Namestnikov.
18:35 of 1st period - Tomas Kopecky wins face-off versus Milan Michalek in Kings zone.
18:47 of 1st period - Major / Game Misconduct Penalty to Zac Rinaldo for Unsportsmanlike conduct.
18:47 of 1st period - Zac Rinaldo is ejected from game.
18:48 of 1st period - Milan Michalek wins face-off versus Tyler Seguin in RedWings zone.
Goals for this period are 0 for Kings vs 1 for RedWings.
Shots for this period are 2 for Kings vs 11 for RedWings.

2nd period


0:01 of 2nd period - Tyler Seguin wins face-off versus Justin Abdelkader in neutral zone.
0:14 of 2nd period - Slapshot by Johnny Boychuk.
0:14 of 2nd period - Shot Misses the Net.
0:16 of 2nd period - Slapshot by Johnny Boychuk.
0:16 of 2nd period - Stopped by Jonas Gustavsson without a rebound.
0:17 of 2nd period - Tyler Seguin wins face-off versus Milan Michalek in Kings zone.
0:22 of 2nd period - Slapshot by Tyler Seguin.
0:22 of 2nd period - Shot Misses the Net.
0:38 of 2nd period - Snap shot by Mika Zibanejad.
0:38 of 2nd period - Stopped by Jonas Hiller without a rebound.
0:39 of 2nd period - Vladislav Namestnikov wins face-off versus Milan Michalek in RedWings zone.
0:58 of 2nd period - Slapshot by Ryan Johansen.
0:58 of 2nd period - Shot Blocked by Brian Campbell.
1:00 of 2nd period - Snap shot by Carl Soderberg.
1:00 of 2nd period - Shot Misses the Net.
1:02 of 2nd period - Slapshot by Duncan Keith.
1:02 of 2nd period - Goal by Duncan Keith - Kings : 1 - RedWings : 1.
1:03 of 2nd period - Tyler Seguin wins face-off versus Milan Michalek in neutral zone.
1:22 of 2nd period - Slapshot by Keith Yandle.
1:22 of 2nd period - Shot Misses the Net.
1:38 of 2nd period - Slapshot by Tyler Seguin.
1:38 of 2nd period - Deflect By Milan Lucic.
1:38 of 2nd period - Shot Blocked by Travis Moen.
1:38 of 2nd period - Puck is out of play.
1:39 of 2nd period - Vladislav Namestnikov wins face-off versus David Moss in RedWings zone.
2:16 of 2nd period - Wrist shot by Carl Soderberg.
2:16 of 2nd period - Stopped by Jonas Hiller with a rebound.
2:50 of 2nd period - Brian Campbell is hit by Ladislav Smid.
3:02 of 2nd period - Milan Michalek is hit by Duncan Keith and loses puck.
3:26 of 2nd period - Wrist shot by Ryan Johansen.
3:26 of 2nd period - Stopped by Jonas Hiller without a rebound.
3:27 of 2nd period - David Moss wins face-off versus Vladislav Namestnikov in RedWings zone.
3:47 of 2nd period - Penalty to Zac Rinaldo is over, Jesse Joensuu is send on ice.
4:10 of 2nd period - Snap shot by Brenden Morrow.
4:10 of 2nd period - Stopped by Jonas Hiller without a rebound.
4:11 of 2nd period - Chris VandeVelde wins face-off versus Vladislav Namestnikov in RedWings zone.
4:20 of 2nd period - Slapshot by Nick Leddy.
4:20 of 2nd period - Stopped by Jonas Gustavsson with a rebound.
4:22 of 2nd period - Snap shot by Eric Gryba.
4:22 of 2nd period - Deflect By John Erskine.
4:22 of 2nd period - Stopped by Jonas Gustavsson without a rebound.
4:23 of 2nd period - Tomas Hertl wins face-off versus Tomas Kopecky in Kings zone.
4:24 of 2nd period - Snap shot by Brian Campbell.
4:24 of 2nd period - Shot Blocked by Carl Soderberg.
4:47 of 2nd period - Icing by Johnny Boychuk.
4:48 of 2nd period - Brandon Prust wins face-off versus Vladislav Namestnikov in RedWings zone.
5:30 of 2nd period - Minor Penalty to Keith Yandle for Roughing.
5:31 of 2nd period - Tyler Seguin wins face-off versus Justin Abdelkader in Kings zone.
5:37 of 2nd period - Wrist shot by Mika Zibanejad.
5:37 of 2nd period - Shot Misses the Net.
6:03 of 2nd period - Snap shot by Mika Zibanejad.
6:03 of 2nd period - Stopped by Jonas Hiller with a rebound.
6:14 of 2nd period - Icing by Justin Abdelkader.
6:15 of 2nd period - Tyler Seguin wins face-off versus Justin Abdelkader in RedWings zone.
6:16 of 2nd period - Wrist shot by Mika Zibanejad.
6:16 of 2nd period - Shot Misses the Net.
6:56 of 2nd period - Wrist shot by Brian Campbell.
6:56 of 2nd period - Deflect By Brandon Prust.
6:56 of 2nd period - Shot Blocked by Tyler Seguin.
6:56 of 2nd period - Puck is out of play.
6:57 of 2nd period - Tyler Seguin wins face-off versus Tomas Hertl in Kings zone.
7:30 of 2nd period - Penalty to Keith Yandle is over, Keith Yandle is back on ice.
8:03 of 2nd period - Alexei Emelin is hit by Ladislav Smid and loses puck.
8:19 of 2nd period - Minor Penalty to Vladislav Namestnikov for Tripping.
8:20 of 2nd period - Justin Abdelkader wins face-off versus Tyler Seguin in Kings zone.
8:24 of 2nd period - Wrist shot by Justin Abdelkader.
8:24 of 2nd period - Shot Blocked by Keith Yandle.
8:56 of 2nd period - Johnny Boychuk is hit by Keith Yandle.
9:14 of 2nd period - Duncan Keith is hit by Brandon Prust.
9:42 of 2nd period - Mika Zibanejad is hit by Alexei Emelin and loses puck.
10:19 of 2nd period - Penalty to Vladislav Namestnikov is over, Vladislav Namestnikov is back on ice.
10:28 of 2nd period - Vladislav Namestnikov is hit by Brandon Prust and loses puck.
11:35 of 2nd period - Slapshot by Brian Campbell.
11:35 of 2nd period - Deflect By Milan Michalek.
11:35 of 2nd period - Shot Misses the Net.
11:35 of 2nd period - Puck is out of play.
11:36 of 2nd period - Milan Michalek wins face-off versus Vladislav Namestnikov in Kings zone.
12:14 of 2nd period - Off-side.
12:15 of 2nd period - Ryan Johansen wins face-off versus Milan Michalek in neutral zone.
12:33 of 2nd period - Off-side.
12:34 of 2nd period - Tomas Kopecky wins face-off versus Justin Abdelkader in neutral zone.
13:19 of 2nd period - Eric Gryba is hit by Vladislav Namestnikov and loses puck.
13:56 of 2nd period - Cam Fowler is hit by Bryan Bickell.
14:00 of 2nd period - Wrist shot by Bryan Bickell.
14:00 of 2nd period - Stopped by Jonas Gustavsson with a rebound.
14:09 of 2nd period - Minor Penalty to Keith Yandle for Hooking.
14:10 of 2nd period - Justin Abdelkader wins face-off versus Tyler Seguin in Kings zone.
15:07 of 2nd period - Duncan Keith is hit by Brandon Prust and loses puck.
15:42 of 2nd period - Jason Demers is hit by Ladislav Smid and loses puck.
16:09 of 2nd period - Penalty to Keith Yandle is over, Keith Yandle is back on ice.
16:09 of 2nd period - Ladislav Smid is hit by Jason Demers and loses puck.
16:14 of 2nd period - Backhand shot by Nick Leddy.
16:14 of 2nd period - Shot Blocked by Ladislav Smid.
16:48 of 2nd period - Stephane Veilleux is hit by Ladislav Smid and loses puck.
17:28 of 2nd period - Vladislav Namestnikov is hit by Brandon Prust and loses puck.
17:39 of 2nd period - Johnny Boychuk is hit by Adam McQuaid and loses puck.
19:03 of 2nd period - Slapshot by Jesse Joensuu.
19:03 of 2nd period - Shot Misses the Net.
19:05 of 2nd period - Slapshot by Paul Postma.
19:05 of 2nd period - Shot Misses the Net.
19:07 of 2nd period - Slapshot by Stephane Veilleux.
19:07 of 2nd period - Shot Misses the Net.
19:09 of 2nd period - Slapshot by Brian Campbell.
19:09 of 2nd period - Shot Misses the Net.
19:11 of 2nd period - Wrist shot by Jesse Joensuu.
19:11 of 2nd period - Stopped by Jonas Gustavsson with a rebound.
19:13 of 2nd period - Wrist shot by Jesse Joensuu.
19:13 of 2nd period - RedWings goal is going for a video replay.
19:13 of 2nd period - The goal is refused. The puck has entered the net after making contact with an attacking player’s stick that is above the height of the crossbar..
19:14 of 2nd period - Ryan Johansen wins face-off versus Tomas Hertl in Kings zone.
19:43 of 2nd period - Duncan Keith is hit by Justin Abdelkader and loses puck.
Goals for this period are 1 for Kings vs 0 for RedWings.
Shots for this period are 6 for Kings vs 6 for RedWings.

3rd period


0:01 of 3rd period - Justin Abdelkader wins face-off versus Tyler Seguin in neutral zone.
0:06 of 3rd period - Snap shot by Justin Abdelkader.
0:06 of 3rd period - Deflect By Keith Yandle.
0:06 of 3rd period - Stopped by Jonas Gustavsson without a rebound.
0:07 of 3rd period - Justin Abdelkader wins face-off versus Tyler Seguin in Kings zone.
0:22 of 3rd period - Snap shot by Milan Michalek.
0:22 of 3rd period - Shot Blocked by Cam Fowler.
0:24 of 3rd period - Slapshot by Johnny Boychuk.
0:24 of 3rd period - Shot Blocked by Keith Yandle.
0:26 of 3rd period - Slapshot by Johnny Boychuk.
0:26 of 3rd period - Shot Blocked by Tyler Seguin.
1:00 of 3rd period - Carl Soderberg is hit by Travis Moen and loses puck.
1:18 of 3rd period - John Erskine is hit by Johnny Boychuk and loses puck.
1:29 of 3rd period - Snap shot by Ryan Johansen.
1:29 of 3rd period - Stopped by Jonas Hiller with a rebound.
1:35 of 3rd period - Tomas Kopecky is hit by Travis Moen.
2:03 of 3rd period - Wrist shot by Duncan Keith.
2:03 of 3rd period - Deflect By Johnny Boychuk.
2:03 of 3rd period - Stopped by Jonas Hiller without a rebound.
2:04 of 3rd period - Milan Michalek wins face-off versus Ryan Johansen in RedWings zone.
2:04 of 3rd period - Milan Michalek is hit by John Erskine.
3:06 of 3rd period - Minor Penalty to Adam McQuaid for Tripping.
3:07 of 3rd period - Tomas Hertl wins face-off versus Tyler Seguin in Kings zone.
3:22 of 3rd period - Cam Fowler is hit by Brandon Prust and loses puck.
3:49 of 3rd period - Alexei Emelin is hit by Mika Zibanejad and loses puck.
3:56 of 3rd period - Slapshot by Keith Yandle.
3:56 of 3rd period - Deflect By Carl Soderberg.
3:56 of 3rd period - Shot Misses the Net.
3:56 of 3rd period - Puck is out of play.
3:57 of 3rd period - Carl Soderberg wins face-off versus Justin Abdelkader in RedWings zone.
4:52 of 3rd period - Slapshot by Brian Campbell.
4:52 of 3rd period - Shot Blocked by Duncan Keith.
4:58 of 3rd period - Minor Penalty to Ladislav Smid for Interference.
4:59 of 3rd period - Justin Abdelkader wins face-off versus Tyler Seguin in Kings zone.
5:06 of 3rd period - Penalty to Adam McQuaid is over, Adam McQuaid is back on ice.
5:13 of 3rd period - Backhand shot by Alexei Emelin.
5:13 of 3rd period - Shot Misses the Net.
5:15 of 3rd period - Wrist shot by Milan Michalek.
5:15 of 3rd period - Goal by Milan Michalek - Kings : 1 - RedWings : 2.
5:16 of 3rd period - Chris VandeVelde wins face-off versus Vladislav Namestnikov in neutral zone.
5:31 of 3rd period - Slapshot by Bryan Bickell.
5:31 of 3rd period - Stopped by Jonas Gustavsson with a rebound.
5:33 of 3rd period - Wrist shot by Stephane Veilleux.
5:33 of 3rd period - Shot Blocked by Cam Fowler.
5:35 of 3rd period - Slapshot by Jason Demers.
5:35 of 3rd period - Stopped by Jonas Gustavsson without a rebound.
5:36 of 3rd period - Vladislav Namestnikov wins face-off versus Chris VandeVelde in Kings zone.
5:45 of 3rd period - Snap shot by Jason Demers.
5:45 of 3rd period - Shot Blocked by Vladislav Namestnikov.
5:51 of 3rd period - Wrist shot by Stephane Veilleux.
5:51 of 3rd period - Stopped by Jonas Gustavsson with a rebound.
5:53 of 3rd period - Wrist shot by Stephane Veilleux.
5:53 of 3rd period - Deflect By Bryan Bickell.
5:53 of 3rd period - Shot Misses the Net.
5:53 of 3rd period - Puck is out of play.
5:54 of 3rd period - Tyler Seguin wins face-off versus Justin Abdelkader in Kings zone.
6:19 of 3rd period - Duncan Keith is hit by David Moss.
6:59 of 3rd period - Keith Yandle is hit by Johnny Boychuk and loses puck.
7:30 of 3rd period - Wrist shot by Matt Cullen.
7:30 of 3rd period - Shot Misses the Net.
7:32 of 3rd period - Slapshot by Keith Yandle.
7:32 of 3rd period - Shot Misses the Net.
7:41 of 3rd period - Minor Penalty to Bryan Bickell for Hooking.
7:42 of 3rd period - Milan Michalek wins face-off versus Tyler Seguin in RedWings zone.
7:46 of 3rd period - Slapshot by Jason Demers.
7:46 of 3rd period - Deflect By Duncan Keith.
7:46 of 3rd period - Stopped by Jonas Gustavsson with a rebound.
8:04 of 3rd period - Wrist shot by Tyler Seguin.
8:04 of 3rd period - Shot Blocked by Alexei Emelin.
8:06 of 3rd period - Slapshot by Mika Zibanejad.
8:06 of 3rd period - Stopped by Jonas Hiller with a rebound.
8:08 of 3rd period - Wrist shot by Milan Lucic.
8:08 of 3rd period - Deflect By Mika Zibanejad.
8:08 of 3rd period - Stopped by Jonas Hiller with a rebound.
8:10 of 3rd period - Slapshot by Ladislav Smid.
8:10 of 3rd period - Deflect By Tyler Seguin.
8:10 of 3rd period - Stopped by Jonas Hiller with a rebound.
8:12 of 3rd period - Wrist shot by Mika Zibanejad.
8:12 of 3rd period - Shot Misses the Net.
8:42 of 3rd period - Johnny Boychuk is hit by Vladislav Namestnikov and loses puck.
8:49 of 3rd period - Slapshot by Carl Soderberg.
8:49 of 3rd period - Stopped by Jonas Hiller without a rebound.
8:50 of 3rd period - Milan Michalek wins face-off versus Tyler Seguin in RedWings zone.
8:59 of 3rd period - Snap shot by Tyler Seguin.
8:59 of 3rd period - Stopped by Jonas Hiller without a rebound.
9:00 of 3rd period - Milan Michalek wins face-off versus Tyler Seguin in RedWings zone.
9:10 of 3rd period - Off-side.
9:11 of 3rd period - Vladislav Namestnikov wins face-off versus Milan Michalek in neutral zone.
9:16 of 3rd period - Snap shot by Ryan Johansen.
9:16 of 3rd period - Shot Misses the Net.
9:18 of 3rd period - Snap shot by Cam Fowler.
9:18 of 3rd period - Shot Misses the Net.
9:24 of 3rd period - Snap shot by Vladislav Namestnikov.
9:24 of 3rd period - Shot Hit the Post.
9:26 of 3rd period - Slapshot by Keith Yandle.
9:26 of 3rd period - Stopped by Jonas Hiller with a rebound.
9:28 of 3rd period - Wrist shot by Vladislav Namestnikov.
9:28 of 3rd period - Stopped by Jonas Hiller without a rebound.
9:29 of 3rd period - David Moss wins face-off versus Vladislav Namestnikov in RedWings zone.
9:41 of 3rd period - Penalty to Bryan Bickell is over, Bryan Bickell is back on ice.
9:44 of 3rd period - Slapshot by David Moss.
9:44 of 3rd period - Shot Misses the Net.
9:46 of 3rd period - Slapshot by Brian Campbell.
9:46 of 3rd period - Deflect By Cam Fowler.
9:46 of 3rd period - Stopped by Jonas Gustavsson with a rebound.
10:20 of 3rd period - Johnny Boychuk is hit by Milan Lucic and loses puck.
10:31 of 3rd period - Wrist shot by Stephane Veilleux.
10:31 of 3rd period - Stopped by Jonas Gustavsson with a rebound.
10:33 of 3rd period - Slapshot by Alexei Emelin.
10:33 of 3rd period - Stopped by Jonas Gustavsson with a rebound.
10:35 of 3rd period - Slapshot by Alexei Emelin.
10:35 of 3rd period - Deflect By Keith Yandle.
10:35 of 3rd period - Stopped by Jonas Gustavsson with a rebound.
11:41 of 3rd period - Wrist shot by Milan Michalek.
11:41 of 3rd period - Deflect By Jesse Joensuu.
11:41 of 3rd period - Shot Misses the Net.
11:41 of 3rd period - Puck is out of play.
11:42 of 3rd period - Tomas Kopecky wins face-off versus Milan Michalek in Kings zone.
12:32 of 3rd period - Snap shot by Ryan Johansen.
12:32 of 3rd period - Stopped by Jonas Hiller with a rebound.
12:38 of 3rd period - Ladislav Smid is hit by Paul Postma and loses puck.
12:51 of 3rd period - Duncan Keith is hit by Alexei Emelin.
12:55 of 3rd period - Ladislav Smid is hit by Jason Demers and loses puck.
13:37 of 3rd period - Minor Penalty to Eric Gryba for Holding Stick.
13:38 of 3rd period - Milan Michalek wins face-off versus Mika Zibanejad in RedWings zone.
15:10 of 3rd period - Snap shot by Ryan Johansen.
15:10 of 3rd period - Stopped by Jonas Hiller with a rebound.
15:20 of 3rd period - Ryan Johansen is hit by Alexei Emelin and loses puck.
15:30 of 3rd period - Backhand shot by Keith Yandle.
15:30 of 3rd period - Deflect By Jason Demers.
15:30 of 3rd period - Stopped by Jonas Hiller with a rebound.
15:32 of 3rd period - Snap shot by Vladislav Namestnikov.
15:32 of 3rd period - Deflect By Ryan Johansen.
15:32 of 3rd period - Shot Blocked by Milan Michalek.
15:32 of 3rd period - Puck is out of play.
15:33 of 3rd period - David Moss wins face-off versus Vladislav Namestnikov in RedWings zone.
15:37 of 3rd period - Penalty to Eric Gryba is over, Eric Gryba is back on ice.
15:47 of 3rd period - Slapshot by Johnny Boychuk.
15:47 of 3rd period - Shot Blocked by Keith Yandle.
16:14 of 3rd period - Vladislav Namestnikov is hit by Johnny Boychuk and loses puck.
16:27 of 3rd period - Wrist shot by Carl Soderberg.
16:27 of 3rd period - Stopped by Jonas Hiller without a rebound.
16:28 of 3rd period - Tomas Kopecky wins face-off versus Chris VandeVelde in RedWings zone.
16:32 of 3rd period - Slapshot by Ladislav Smid.
16:32 of 3rd period - Shot Misses the Net.
16:34 of 3rd period - Wrist shot by Tomas Kopecky.
16:34 of 3rd period - Shot Blocked by Alexei Emelin.
16:36 of 3rd period - Snap shot by Duncan Keith.
16:36 of 3rd period - Stopped by Jonas Hiller with a rebound.
16:38 of 3rd period - Snap shot by Duncan Keith.
16:38 of 3rd period - Stopped by Jonas Hiller with a rebound.
16:40 of 3rd period - Snap shot by Duncan Keith.
16:40 of 3rd period - Stopped by Jonas Hiller with a rebound.
17:00 of 3rd period - Wrist shot by Matt Cullen.
17:00 of 3rd period - Deflect By Brenden Morrow.
17:00 of 3rd period - Stopped by Jonas Hiller without a rebound.
17:01 of 3rd period - Tomas Hertl wins face-off versus Vladislav Namestnikov in RedWings zone.
17:01 of 3rd period - Tomas Hertl is hit by Vladislav Namestnikov.
17:34 of 3rd period - Off-side.
17:35 of 3rd period - Ryan Johansen wins face-off versus Milan Michalek in neutral zone.
17:59 of 3rd period - Minor Penalty to Tomas Kopecky for Holding.
18:00 of 3rd period - Tyler Seguin wins face-off versus Brandon Prust in Kings zone.
18:00 of 3rd period - Tyler Seguin is hit by Tomas Hertl.
18:11 of 3rd period - Slapshot by Johnny Boychuk.
18:11 of 3rd period - Shot Misses the Net.
18:27 of 3rd period - Wrist shot by Brian Campbell.
18:27 of 3rd period - Shot Blocked by Cam Fowler.
18:29 of 3rd period - Slapshot by Johnny Boychuk.
18:29 of 3rd period - Shot Misses the Net.
18:52 of 3rd period - Slapshot by Ryan Johansen.
18:52 of 3rd period - Stopped by Jonas Hiller with a rebound.
18:54 of 3rd period - Slapshot by Ladislav Smid.
18:54 of 3rd period - Stopped by Jonas Hiller without a rebound.
18:55 of 3rd period - Freddy Meyer call a timeout for Kings.
18:55 of 3rd period - Ryan Johansen wins face-off versus Justin Abdelkader in RedWings zone.
19:38 of 3rd period - Slapshot by Milan Lucic.
19:38 of 3rd period - Goal by Milan Lucic - Kings : 2 - RedWings : 2.
19:39 of 3rd period - Tomas Hertl wins face-off versus Tyler Seguin in neutral zone.
19:46 of 3rd period - Slapshot by Johnny Boychuk.
19:46 of 3rd period - Goal by Johnny Boychuk - Kings : 2 - RedWings : 3.
19:47 of 3rd period - Justin Abdelkader wins face-off versus Tyler Seguin in neutral zone.
19:52 of 3rd period - Snap shot by Milan Michalek.
19:52 of 3rd period - Shot Blocked by Cam Fowler.
19:54 of 3rd period - Wrist shot by David Moss.
19:54 of 3rd period - Stopped by Jonas Gustavsson with a rebound.
19:56 of 3rd period - Wrist shot by Milan Michalek.
19:56 of 3rd period - Shot Blocked by Keith Yandle.
19:58 of 3rd period - Snap shot by David Moss.
19:58 of 3rd period - Shot Misses the Net.
Goals for this period are 1 for Kings vs 2 for RedWings.
Shots for this period are 20 for Kings vs 12 for RedWings.


Output by the SimonT Hockey Simulator (STHS) for Eric Dolegowski -- Original Page W3C XHTML 1.0 Valid
Hockey Simulator - Hockey Simulation - Hockey Manager